 Dungeon Crawl Stone Soup version 0.21.0-3-g78d12a8 (webtiles) character file.

47 inmateoo the Cudgeler (level 3, -3/23 HPs)
             Began as a Gargoyle Fighter on Jan 14, 2018.
             Slain by Sigmund
             ... wielding a +2 scythe of protection
              (10 damage)
             ... on level 2 of the Dungeon.
             The game lasted 00:02:29 (1611 turns).

inmateoo the Cudgeler (Gargoyle Fighter)            Turns: 1611, Time: 00:02:29

Health: -3/23      AC: 11    Str: 25    XL:     3   Next: 70%
Magic:  3/3        EV:  7    Int:  8    God:
Gold:   94         SH:  9    Dex:  9    Spells: 2/2 levels left

rFire    . . .     SeeInvis .   a - +0 flail
rCold    . . .     Gourm    .   c - +0 shield
rNeg     + . .     Faith    .   b - +0 scale mail
rPois    ∞         Spirit   .   (no helmet)
rElec    +         Reflect  .   (no cloak)
rCorr    .         Harm     .   q - +0 pair of gloves
MR       .....                  (no boots)
Stlth    ..........             (no amulet)
HPRegen  0.07/turn              (no ring)
MPRegen  0.08/turn              (no ring)

@: mighty
A: negative energy resistance 1, electricity resistance, unbreathing,
petrification resistance, rot immunity, AC +3
a: no special abilities


You were on level 2 of the Dungeon.
You were near starving.

You visited 1 branch of the dungeon, and saw 2 of its levels.

You collected 94 gold pieces.

Inventory:

Hand Weapons
 a - a +0 flail (weapon)
 m - a +1 dagger of venom
Missiles
 h - 2 steel javelins (quivered)
Armour
 b - a +0 scale mail (worn)
 c - a +0 shield (worn)
 q - a +0 pair of gloves (worn)
Jewellery
 p - a +3 ring of intelligence {unknown}
Scrolls
 e - a scroll of immolation {unknown}
 j - 2 scrolls of remove curse {unknown}
 k - 3 scrolls of teleportation {unknown}
 l - 2 scrolls of identify {unknown}
 s - a scroll of amnesia {unknown}
Potions
 d - a potion of might
 g - a potion of lignification {unknown}
 i - a potion of mutation {unknown}
 n - a potion of resistance {unknown}
 o - a potion of haste {unknown}
 r - a potion of curing {unknown}
Comestibles
 f - 4 rations


   Skills:
 - Level 3.2 Fighting
 + Level 3.9 Maces & Flails
 - Level 3.2 Armour
 - Level 3.2 Shields


You had 2 spell levels left.
You didn't know any spells.

Dungeon Overview and Level Annotations

Branches:
Dungeon (2/15)

Altars:
Ashenzari

Annotations:
D:2 Sigmund


Innate Abilities, Weirdness & Mutations

You are resistant to torment.
Your stone body is resilient. (AC +3)
You are immune to poison.
You resist negative energy. (rN+)
You are resistant to electric shocks. (rElec)
You can survive without breathing.
You are immune to petrification.
You are immune to rotting.


Message History

Okay, then.
You feel very mighty all of a sudden.
Sigmund hits you from afar with a scythe of protection!
Sigmund hits you with a scythe of protection!
Unknown command.
Okay, then.
You barely miss Sigmund. You block Sigmund's attack.
Unknown command.
You hit Sigmund.
Sigmund is lightly wounded.
You are near starving!
Sigmund barely misses you.
Unknown command.
You barely miss Sigmund.
Sigmund is lightly wounded.
Unknown command.
You hit Sigmund.
Sigmund is moderately wounded.
Sigmund hits you with a scythe of protection!
You die...

#.####.....# ###.###.# # #...#
#.####### # #. #.#.###.......####
# #>##.#.....####...... # ##
#..........# #..###. ##
.####.#.##...## ##.#.##. .#
........###..# #.###.#. .#
.####..@.....# ##.#.##. .#
#####.####..#@#.#.# #...##. .#
#.................# #.#.##. .#
#.###.###...#.#.#.## #...... .#
#.# #.###..........## ###.### .#
#.# #..##.#.#.#.#...## #..##
.####.###...#.#..........####....
...............'.........'.......
.####.###...#.##.........####...#


You could see Sigmund.

Vanquished Creatures
  2 dart slugs
  2 leopard geckos
  A ball python (D:1)
  12 bats
  6 goblins
  5 hobgoblins
  A kobold (D:1)
  4 frilled lizards
  5 rats
38 creatures vanquished.

Notes
Turn   | Place    | Note
-------+----------+-------------------------------------------
     0 | D:1      | inmateoo the Gargoyle Fighter began the quest for the Orb.
     0 | D:1      | Reached XP level 1. HP: 14/14 MP: 1/1
   311 | D:1      | Reached XP level 2. HP: 19/19 MP: 2/2
   534 | D:1      | Reached XP level 3. HP: 23/23 MP: 3/3
   966 | D:2      | Found a shattered altar of Ashenzari.
  1235 | D:2      | Noticed Sigmund
  1611 | D:2      | Slain by Sigmund

Skill      XL: |  1  2 |
---------------+-------+-----
Maces & Flails | 3 |  3.9
Fighting       | |  3.2
Armour         | |  3.2
Shields        | |  3.2

Action                   || total
-------------------------++-------
Melee: Flail             ||   159
  Use: Potion            ||     1
  Eat: Chunk             ||     1
Armor: Scale mail        ||    84
Dodge: Dodged            ||    65
Block: Shield            ||    99
